 Dungeon Crawl Stone Soup version 0.28.0-45-g0d030f2227 (webtiles) character file.

Game seed: 3976185913715974233

291 Icepheonix32 the Covered (level 6, -1/48 HPs)
             Began as a Demonspawn Fighter on Apr 11, 2022.
             Slain by an orc wizard
             ... wielding a +0 dagger
              (2 damage)
             ... on level 3 of the Dungeon.
             The game lasted 00:03:41 (2552 turns).

Icepheonix32 the Covered (Demonspawn Fighter)       Turns: 2552, Time: 00:03:41

Health: -1/48      AC:  7    Str: 19    XL:     6   Next: 10%
Magic:  6/6        EV: 10    Int:  9    God:
Gold:   46         SH:  0    Dex: 12    Spells: 5/5 levels left

rFire   . . .      SeeInvis .   d - +2 scythe (protect)
rCold   . . .      Faith    .   (shield currently unavailable)
rNeg    . . .      Spirit   .   b - +0 scale mail
rPois   .          Reflect  .   (no helmet)
rElec   .          Harm     .   (no cloak)
rCorr   .          Rampage  .   (no gloves)
Will    .....                   (no boots)
Stlth   ..........              (no amulet)
HPRegen 0.16/turn               (no ring)
MPRegen 0.10/turn               (no ring)

@: confused
A: hooves 1, ignite blood 1
a: no special abilities


You were on level 3 of the Dungeon.
You visited 1 branch of the dungeon, and saw 4 of its levels.

You collected 46 gold pieces.

Inventory:

Hand Weapons
 a - a +0 long sword
 d - a +2 scythe of protection (weapon)
 k - a +0 flail of protection
 m - a +3 dagger of chaos
Missiles
 e - 2 throwing nets (quivered)
Armour
 b - a +0 scale mail (worn)
 c - a +0 buckler
 i - a +0 chain mail
 j - a +0 ring mail
Wands
 n - a wand of charming (7)
Scrolls
 f - 2 scrolls of identify {unknown}
 g - a scroll of noise {unknown}
 h - a scroll of enchant armour {unknown}
 o - a scroll of torment {unknown}


   Skills:
 + Level 4.0 Fighting
 + Level 1.1(1.8) Short Blades
 - Level 2.0(2.2) Long Blades
 - Level 1.1 Maces & Flails
 * Level 0.5 Polearms
 * Level 4.2 Armour
 + Level 1.1 Dodging
 + Level 0.7 Stealth
 - Level 3.4 Shields


You had 5 spell levels left.
You didn't know any spells.
Your spell library contained the following spells:

 Spells                   Type           Power      Damage    Failure   Level
 Ozocubu's Armour         Ice            0%         N/A       98%         3
 Metabolic Englaciation   Hex/Ice        0%         N/A       100%        5
 Simulacrum               Ice/Necr       0%         N/A       100%        6


Dungeon Overview and Level Annotations

Branches:
Dungeon (4/15)
 Temple: D:4-7

Altars:
Gozag


Innate Abilities, Weirdness & Mutations

You have large cloven feet.
Your demonic aura sometimes causes spilled blood to erupt in flames.


Message History

The bat hits you but does no damage. The bat barely misses you.
The orc wizard hits you but does no damage.
The bat barely misses you. The bat hits you but does no damage. x2
The orc wizard casts a spell.
The orc wizard flickers and vanishes!
Deactivating autopickup; reactivate with Ctrl-A.
The bat barely misses you. The bat hits you but does no damage. x2
The orc priest calls down the wrath of Beogh upon you.
Beogh smites you!
* * * LOW HITPOINT WARNING * * *
The bat hits you but does no damage. x2
The bat hits you but does no damage. x2
The bat hits you but does no damage. x2; The bat misses you.
The bat hits you but does no damage.
You hear some strange, mumbled words.
You are confused.
You miss the bat. You kick the bat.
You kill the bat!
The bat barely misses you. The bat hits you but does no damage.
You hear some strange, mumbled words.
You are more confused.
Unknown command.
The bat hits you but does no damage. The bat barely misses you.
The orc closely misses you.
Unknown command.
The bat barely misses you. The orc closely misses you.
You hear some strange, mumbled words.
Something tries to affect you, but you resist.
You bump into the rock wall.
The bat hits you but does no damage. x2
The orc priest calls down the wrath of Beogh upon you.
Beogh smites you!
* * * LOW HITPOINT WARNING * * *
The orc hits you with a +0 club.
* * * LOW HITPOINT WARNING * * *
Something hits you but does no damage.
You aren't carrying any potions.
You miss something. The bat barely misses you. The orc barely misses you.
Something hits you.
You die...

##)#..#####P ..).....### #.)#..#
#.##......####### #..#..#
#.##............# ####P.###+#
#.##.....##......
..........#######.##......#.# #.#
........................#...# #.#
..###)#...........b#.#......###.#
#'#...##'#..##'#..##.##.÷....##..
..#...#..#..#..#@...)>÷.#........
..#.).#..#..#..#.o...##.##..#####
##########..####r..#.##.###.#
...............o..#.##.# #..#
........................ #..#
..............#...#.##.# ...#
................###.##.# ...#
.................##.##.# ....
..<...........##.#


You could see an orc priest, an orc, a bat and a rat.

Vanquished Creatures
  Sigmund (D:2)
  Terence (D:2)
  4 adders
  An adder skeleton (D:4)
  A worm (D:2)
  9 orcs
  3 ball pythons (D:1)
  5 bats
  6 endoplasms
  3 goblins (D:2)
  4 hobgoblins
  2 jackals (D:1)
  5 kobolds
  2 quokkas
  5 frilled lizards
  8 rats
60 creatures vanquished.

Vanquished Creatures (others)
  A fungus (D:1)
  A plant (D:1)
2 creatures vanquished.

Grand Total: 62 creatures vanquished

Notes
Turn   | Place    | Note
-------+----------+-------------------------------------------
     0 | D:1      | Icepheonix32 the Demonspawn Fighter began the quest for the
                  | Orb.
     0 | D:1      | Reached XP level 1. HP: 18/18 MP: 1/1
   188 | D:1      | Found a faded altar of an unknown god.
   319 | D:1      | Gained mutation: You have large cloven feet. [demonic
                  | ancestry]
   319 | D:1      | Reached XP level 2. HP: 16/24 MP: 2/2
  1133 | D:2      | Noticed Terence
  1144 | D:2      | Reached XP level 3. HP: 23/29 MP: 3/3
  1153 | D:2      | Killed Terence
  1251 | D:2      | Reached XP level 4. HP: 27/37 MP: 4/4
  1808 | D:2      | Noticed Sigmund
  1815 | D:2      | Killed Sigmund
  1816 | D:2      | Reached skill level 1 in Short Blades
  1816 | D:2      | Reached skill level 1 in Maces & Flails
  1816 | D:2      | Reached skill level 1 in Dodging
  1816 | D:2      | Gained mutation: Your demonic aura sometimes causes spilled
                  | blood to erupt in flames. [demonic ancestry]
  1816 | D:2      | Reached XP level 5. HP: 42/42 MP: 5/5
  2278 | D:4      | Reached XP level 6. HP: 48/48 MP: 6/6
  2287 | D:4      | Found an opulent altar of Gozag.
  2551 | D:3      | HP: 2/48 [orc priest/divine providence (12)]
  2552 | D:3      | Slain by an orc wizard

Illustrated notes

Levels and vault maps discovered:
D:1:      lightli_arrival_maybe_door_vault, layout_basic,
          dreamdust_ecumenical_altar_grove, minmay_pentomino_p2
D:2:      layout_loops_cross, uniq_terence, uniq_sigmund
D:3:      corexii_shack_village, layout_rooms, chequers_mini_garden,
          uniq_jessica
D:4:      layout_cave_pods, mainiacjoe_overflow_tiny_flanked, uniq_edmund,
          uniq_duvessa, uniq_menkaure

Skill      XL: |  1  2  3  4 |
---------------+-------------+-----
Long Blades    | 2 |  2.0
Armour         | 3 4 |  4.2
Shields        | 3 |  3.4
Fighting       | 4 |  4.0
Short Blades   | 1 |  1.1
Maces & Flails | 1 |  1.1
Dodging        | 1 |  1.1
Polearms       | |  0.5
Stealth        | |  0.7

Action                   |  1- 3 |  4- 6 || total
-------------------------+-------+-------++-------
Melee: Long sword        |    64 |       ||    64
       Kick              |    11 |    20 ||    31
       Flail             |     3 |    23 ||    26
       Dagger            |       |    29 ||    29
       Scythe            |       |    36 ||    36
  Use: Potion            |       |     2 ||     2
       Scroll            |       |     2 ||     2
Armor: Scale mail        |    38 |    56 ||    94
Dodge: Dodged            |    26 |    42 ||    68
Block: Buckler           |    18 |    14 ||    32
